 Dungeon Crawl Stone Soup version 0.29-a0-284-gf9362112df (webtiles) character file.

Game seed: 5114548965066566037

128 horus123 the Magician (level 5, -6/35 HPs)
             Began as a Human Hedge Wizard on Mar 25, 2022.
             Shot with an arrow by a centaur (7 damage)
             ... on level 3 of the Dungeon.
             The game lasted 00:07:42 (4403 turns).

horus123 the Magician (Human Hedge Wizard)          Turns: 4403, Time: 00:07:42

Health: -6/35      AC:  4    Str: 10    XL:     5   Next: 33%
Magic:  11/11      EV: 12    Int: 17    God:
Gold:   91         SH:  0    Dex: 12    Spells: 9/12 levels left

rFire   . . .      SeeInvis .   r - +0 war axe
rCold   . . .      Faith    .   (no shield)
rNeg    . . .      Spirit   .   b - +0 robe
rPois   .          Reflect  .   c - +0 hat
rElec   .          Harm     .   (no cloak)
rCorr   +          Rampage  .   m - +0 pair of gloves
Will    .....                   q - +0 pair of boots
Stlth   +.........              (no amulet)
HPRegen 0.11/turn               i - ring of resist corrosion
MPRegen 0.12/turn               (no ring)

@: confused, mighty, ambrosia-drunk
A: no striking features
a: no special abilities


You were on level 3 of the Dungeon.
You visited 1 branch of the dungeon, and saw 3 of its levels.

You collected 91 gold pieces.

Inventory:

Hand Weapons
 r - a +0 war axe (weapon)
Missiles
 a - a throwing net
 p - 11 atropa-tipped darts
Armour
 b - a +0 robe (worn)
 c - a +0 hat (worn)
 k - a +0 leather armour
 m - a +0 pair of gloves (worn)
 q - a +0 pair of boots (worn)
Magical Staves
 s - a staff of fire
Jewellery
 i - a ring of resist corrosion (left hand)
Wands
 n - a wand of flame (13)
Scrolls
 l - a scroll of noise {unknown}
 o - 3 scrolls of immolation
 t - a scroll of enchant weapon {unknown}
Potions
 d - a potion of magic
 e - a potion of degeneration
 f - a potion of might
 g - a potion of resistance {unknown}
 h - 5 potions of lignification
 j - a potion of ambrosia


   Skills:
 - Level 2.0 Dodging
 - Level 2.0 Stealth
 - Level 4.0 Spellcasting
 + Level 3.7 Conjurations
 - Level 1.0 Summonings
 - Level 1.0 Translocations


You had 9 spell levels left.
You knew the following spells:

 Your Spells              Type           Power      Damage    Failure   Level
a - Magic Dart            Conj           64%        1d6       3%          1
b - Call Imp              Summ           6%         N/A       16%         2

Your spell library contained the following spells:

 Spells                   Type           Power      Damage    Failure   Level
 Slow                     Hex            12%        N/A       16%         1
 Blink                    Tloc           12%        N/A       16%         2
 Conjure Flame            Conj/Fire      9%         6-21      22%         3
 Dazzling Flash           Conj/Hex       18%        N/A       22%         3
 Mephitic Cloud           Conj/Pois/Air  7%         N/A       28%         3
 Lesser Beckoning         Tloc           6%         N/A       30%         3
 Manifold Assault         Tloc           6%         N/A       96%         5
 Agony                    Necr           3%         N/A       99%         5
 Silence                  Hex/Air        1%         N/A       99%         5


Dungeon Overview and Level Annotations

Branches:
Dungeon (3/15)

Altars:

Annotations:
D:3 3 runed translucent doors, Dvallin's ghost, amateur FoHu


Message History

Your crimson imp blinks!
You feel very mighty all of a sudden.
The centaur hits you but does no damage.
The centaur misses you.
You slash the centaur!
The centaur is severely wounded.
The centaur closely misses you.
The centaur kicks you but does no damage.
The centaur hits you.
* * * LOW HITPOINT WARNING * * *
The centaur closely misses you.
Your crimson imp blinks!
You barely miss the centaur.
The centaur is severely wounded.
The centaur hits you.
* * * LOW HITPOINT WARNING * * *
The centaur kicks you but does no damage.
The centaur hits you but does no damage.
The centaur kicks you but does no damage.
The centaur misses you.
The centaur kicks you but does no damage.
You are confused.
You feel invigorated. The centaur hits you.
* * * LOW HITPOINT WARNING * * *
The centaur barely misses you.
You barely miss the centaur.
The centaur is severely wounded.
The centaur barely misses you.
The centaur kicks you but does no damage.
The centaur hits you. The centaur barely misses you.
Your crimson imp blinks!
The centaur attacks as you move away! The centaur hits you.
* * * LOW HITPOINT WARNING * * *
The centaur kicks you.
* * * LOW HITPOINT WARNING * * *
The centaur wields a +0 shortbow.
The centaur shoots an arrow.
The arrow hits you!
* * * LOW HITPOINT WARNING * * *
The centaur shoots an arrow.
The arrow hits you!
You die...

#.#..........###.#.....##W
########.#..........# #.#.....###
......##.#.(........# #.#......8.
......##.#......§##.###.#.....#..
.......#.#####...##.......#######
........>.........5c.............
.......#######5.c###......#......
.................'!+......#......
........#.......@###.c....#......
......###........# ####..........
......# #........## ..........
..†...####........# .........
..)......#........# .........
.........#........# .........
..................# ######.).
..................######## #...
.........................# #...


You could see a centaur (ally target) and a friendly crimson imp (summoned).

Vanquished Creatures
  4 adders
  2 worms (D:2)
  3 dart slugs
  4 ball pythons
  7 endoplasms
  4 giant cockroaches
  2 goblins
  5 hobgoblins
  7 kobolds
  A quokka (D:1)
  8 bats
  2 frilled lizards
  A rat (D:1)
50 creatures vanquished.

Vanquished Creatures (collateral kills)
  Terence (D:2)
  A worm (D:2)
2 creatures vanquished.

Grand Total: 52 creatures vanquished

Notes
Turn   | Place    | Note
-------+----------+-------------------------------------------
     0 | D:1      | horus123 the Human Hedge Wizard began the quest for the
                  | Orb.
     0 | D:1      | Reached XP level 1. HP: 13/13 MP: 4/4
   346 | D:1      | Reached XP level 2. HP: 19/19 MP: 3/6
   862 | D:1      | Learned a level 2 spell: Call Imp
  1499 | D:1      | Reached XP level 3. HP: 24/24 MP: 5/8
  1865 | D:1      | Reached skill level 4 in Spellcasting
  2392 | D:2      | Reached XP level 4. HP: 30/30 MP: 6/10
  2857 | D:2      | Noticed Terence
  2873 | D:2      | Killed Terence
  3445 | D:3      | Found a runed translucent gate.
  3446 | D:3      | Noticed Dvallin's ghost (amateur FoHu)
  3447 | D:3      | Found a runed translucent gate.
  3448 | D:3      | Found a runed translucent gate.
  3500 | D:3      | Reached XP level 5. HP: 35/35 MP: 11/11
  3668 | D:3      | Noticed a centaur
  4403 | D:3      | HP: 1/35 [centaur/arrow (12)]
  4403 | D:3      | Shot with an arrow by a centaur

Illustrated notes

Levels and vault maps discovered:
D:1:      dpeg_arrival_rhombus, layout_loops_ring, minivault_23
D:2:      layout_basic, hangedman_decor_opposing, uniq_terence
D:3:      layout_basic, biasface_ghost_orc_armoury, kennysheep_generic_room_3

Skill      XL: |  1  2  3  4 |
---------------+-------------+-----
Spellcasting   | 4 |  4.0
Conjurations   | 2 3 |  3.7
Dodging        | |  2.0
Stealth        | |  2.0
Summonings     | |  1.0
Translocations | |  1.0

Action                   |  1- 3 |  4- 6 || total
-------------------------+-------+-------++-------
Melee: Dagger            |    21 |       ||    21
       Hand axe          |    27 |    13 ||    40
       War axe           |       |    34 ||    34
       Falchion          |       |     2 ||     2
       Punch             |       |     1 ||     1
 Cast: Magic Dart        |    76 |    37 ||   113
       Call Imp          |     1 |     7 ||     8
  Use: Scroll            |     1 |     4 ||     5
       Potion            |       |     2 ||     2
 Stab: Sleeping          |     1 |     1 ||     2
Armor: Robe              |    14 |    33 ||    47
Dodge: Dodged            |    43 |    67 ||   110

Table legend: (Time is in decaauts)
 A = Elapsed time spent in this place.
 B = Non-inter-level travel time spent in this place.
 C = Inter-level travel time spent in this place.
 D = Time resting spent in this place.
 E = Time spent auto-exploring this place.
 F = Levels seen in this place.
 G = Mean time per level.
                   A        B        C        D        E       F      G
               +--------+--------+--------+--------+--------+-----+--------+
         Total |   4431 |   4375 |     56 |   1495 |   2102 |   3 | 1477.0 |
       Dungeon |   4431 |   4375 |     56 |   1495 |   2102 |   3 | 1477.0 |
               +--------+--------+--------+--------+--------+-----+--------+

Top non-repeatable levels by time:
     D:1: 1990 daAuts
     D:2: 1435 daAuts
     D:3: 1005 daAuts
